 Dungeon Crawl Stone Soup version 0.17.1-1-g73c8601 (console) character file.

371 Kloppie the Chopper (level 6, -4/53 HPs)
             Began as a Centaur Gladiator on Dec 28, 2015.
             Slain by an orc
             ... wielding a +2 flail of protection
              (7 damage)
             ... on level 5 of the Dungeon.
             The game lasted 00:04:31 (3539 turns).

Kloppie the Chopper (Centaur Gladiator)             Turns: 3539, Time: 00:04:32

Health: -4/53      AC:  5    Str: 17    XL:     6   Next: 42%
Magic:  6/6        EV: 10    Int:  7    God:
Gold:   262        SH:  0    Dex: 12    Spells: 0 memorised, 5 levels left

rFire  . . .     SeeInvis .     a - +0 war axe
rCold  . . .     Clarity  .     b - +0 leather armour
rNeg   . . .     SustAt   .     (no shield)
rPois  .         Gourm    .     c - +0 helmet
rElec  .         Spirit   .     (no cloak)
rCorr  .         Warding  .     (no gloves)
rMut   .         Stasis   .     (no barding)
MR     .....                    (no amulet)
Stlth  +.........               (no ring)
                                (no ring)

@: very quick, not resistant to hostile enchantments, very unstealthy
A: hooves 3, deformed body, speed 2, tough skin 3
a: no special abilities


You were on level 5 of the Dungeon.
You were hungry.

You visited 1 branch of the dungeon, and saw 5 of its levels.

You collected 262 gold pieces.

Inventory:

Hand Weapons
 a - a +0 war axe (weapon)
Missiles
 d - a throwing net (quivered)
Armour
 b - a +0 leather armour (worn)
 c - a +0 helmet (worn)
 q - a +0 chain mail
 t - a +0 cloak
Jewellery
 j - an uncursed ring of poison resistance {unknown}
 m - an uncursed ring of magical power {unknown}
 s - an uncursed ring of protection from fire {unknown}
Scrolls
 g - 2 scrolls of enchant weapon {unknown}
 h - a scroll of amnesia {unknown}
 i - 2 scrolls of remove curse {unknown}
 k - 7 scrolls of identify {unknown}
 l - 4 scrolls of teleportation {unknown}
 u - a scroll of recharging {unknown}
 v - a scroll of magic mapping {unknown}
Potions
 n - 4 potions of curing {unknown}
 o - a potion of lignification {unknown}
 p - a potion of cancellation {unknown}
Comestibles
 e - 5 bread rations
 f - a beef jerky
 r - 2 slices of pizza


   Skills:
 + Level 4.3 Fighting
 + Level 4.4 Axes
 - Level 2.1 Throwing
 + Level 3.4 Dodging


You had 5 spell levels left.
You didn't know any spells.

Dungeon Overview and Level Annotations

Branches:
Dungeon (5/15)
 Temple: D:4-7

Altars:


Innate Abilities, Weirdness & Mutations

You have hooves in place of feet.
Armour fits poorly on your strangely shaped body.
You cover ground very quickly.
You have extremely tough skin (AC +3).


Message History

* * * LOW HITPOINT WARNING * * *
The orc freezes you.
* * * LOW HITPOINT WARNING * * *
You are too injured to fight recklessly!
You are too injured to fight recklessly!
You are too injured to fight recklessly!
You hit the orc.
You kill the orc!
You barely miss the orc.
The orc hits you with a flail of protection!
* * * LOW HITPOINT WARNING * * *
You are feeling hungry.
You hit the orc.
The orc is almost dead.
The orc hits you with a flail of protection.
* * * LOW HITPOINT WARNING * * *
You hit the orc but do no damage. Your kick misses the orc.
The orc is almost dead.
The orc hits you with a flail of protection!
You die...

. #+#### #.. ### ..
#....####..##.## ...
#.......#......# ....
#.......#......# .....
#.......#......#
♣.....#o).....+......#
......)@†..<..#......##
......#'#######.......#
####........###....####
#........#.......#
#........#...<...#
#........'.......#
#........#...##.##
#################


You could see an orc.

Vanquished Creatures
  A giant frog skeleton (D:4)
  2 hounds
  A worker ant (D:4)
  An orc wizard (D:3)
  Natasha (thrice) (D:4)
  2 orc priests
  6 adders
  An ooze (D:4)
  2 adder skeletons (D:4)
  A worm (D:3)
  4 giant geckos
  6 orcs
  4 giant cockroaches
  5 goblins
  6 hobgoblins
  3 jackals
  2 quokkas
  7 bats
  4 giant newts
  9 kobolds
  4 rats
74 creatures vanquished.

Notes
Turn   | Place    | Note
--------------------------------------------------------------
     0 | D:1      | Kloppie the Centaur Gladiator began the quest for the Orb.
     0 | D:1      | Reached XP level 1. HP: 17/17 MP: 1/1
    90 | D:1      | Reached XP level 2. HP: 22/25 MP: 2/2
   419 | D:1      | Reached skill level 3 in Axes
   641 | D:2      | Reached XP level 3. HP: 27/30 MP: 3/3
   655 | D:2      | Found a faded altar to an unknown god.
  1382 | D:2      | Reached XP level 4. HP: 28/38 MP: 4/4
  1826 | D:3      | Reached XP level 5. HP: 4/45 MP: 5/5
  2294 | D:3      | Noticed an ogre
  2399 | D:4      | Reached skill level 4 in Axes
  2605 | D:4      | Noticed Natasha
  2611 | D:4      | Killed Natasha
  2691 | D:4      | Reached XP level 6. HP: 12/52 MP: 6/6
  2978 | D:4      | Noticed Natasha
  2982 | D:4      | Killed Natasha
  3167 | D:4      | Noticed Natasha
  3183 | D:4      | Killed Natasha
  3508 | D:5      | Entered Level 5 of the Dungeon
  3539 | D:5      | Slain by an orc

Action                   |  1- 3 |  4- 6 || total
-------------------------+-------+-------++-------
Melee: War axe           |   105 |   120 ||   225
Throw: Throwing net      |       |     4 ||     4
  Eat: Chunk             |       |     6 ||     6
